 Dungeon Sprint DCSS version 0.16-a0-3940-gf8a207b (webtiles) character file.

1547 BluebellGnoll the Warrior (level 8, -2/118 HPs)
             Began as an Ogre Hunter on Feb 7, 2015.
             Was a Believer of Okawaru.
             Slain by a demonic crawler (7 damage)
             ... in the Dungeon (Sprint I: "Red Sonja").
             The game lasted 00:04:52 (925 turns).

BluebellGnoll the Warrior (Ogre Hunter)              Turns: 925, Time: 00:04:53

Health: -2/118     AC:  3    Str: 18    XL:     8   Next: 87%
Magic:  8/8        EV: 10    Int: 10    God:    Okawaru [**....]
Gold:   418        SH:  0    Dex: 12    Spells: 0 memorised, 7 levels left

rFire  . . .     SeeInvis .     a - +0 giant club
rCold  . . .     Clarity  .     d - +0 animal skin
rNeg   . . .     SustAb   .     (shield restricted)
rPois  .         Gourm    .     (helmet restricted)
rElec  .         Spirit   .     (no cloak)
rCorr  .         Warding  .     (gloves unavailable)
rMut   .         NoTele   +     (boots unavailable)
MR     .....                    (no amulet)
Stlth  +.........               (no ring)
                                (no ring)

@: very slightly contaminated, hasted, very quick, not resistant to hostile
enchantments, very unstealthy
A: unfitting armour, tough skin 1
a: Heroism, Renounce Religion


You were in the Dungeon.
You worshipped Okawaru.
Okawaru was pleased with you.
You were hungry.

You visited 1 branch You collected 418 gold pieces.

Inventory:

Hand weapons
 a - a +0 giant club (weapon)
Armour
 d - a +0 animal skin (worn)
Scrolls
 k - a scroll of blinking
Potions
 e - a potion of curing
 g - a potion of heal wounds
 i - 2 potions of magic
Comestibles
 f - a meat ration


   Skills:
 + Level 19.3 Fighting
 - Level 10.5 Maces & Flails
 - Level 8.4 Throwing
 - Level 1.7 Dodging
 - Level 0.7 Stealth


You had 7 spell levels left.
You didn't know any spells.

Dungeon Overview and Level Annotations

Branches:
Dungeon (1/1)

Altars:
Cheibriados
Dithmenos
Elyvilon
Fedhas
Gozag
Kikubaaqudgha
Makhleb
Nemelex Xobeh
Okawaru
Qazlal
Ru
Sif Muna
Trog
Vehumet
Xom
Yredelemnul
Zin
The Shining One
Jiyva

Shops:
D [


Innate Abilities, Weirdness & Mutations

You are too large for most types of armour.
You have tough skin (AC +1).


Message History

You bludgeon the demonic crawler!!
The demonic crawler is heavily wounded.
The demonic crawler hits you.
* * * LOW HITPOINT WARNING * * *
The demonic crawler closely misses you. The demonic crawler barely misses you.
You sock the demonic crawler!
The demonic crawler is heavily wounded.
The demonic crawler hits you.
* * * LOW HITPOINT WARNING * * *
The demonic crawler hits you!
* * * LOW HITPOINT WARNING * * *
The demonic crawler hits you but does no damage.
You hit the demonic crawler.
The demonic crawler is severely wounded.
The demonic crawler hits you!
* * * LOW HITPOINT WARNING * * *
The demonic crawler hits you.
* * * LOW HITPOINT WARNING * * *
The demonic crawler hits you!
You die...

##################
.#..'..#__#.)'[..#
.').#..'..'..#..@#
)#####'#__####...ss.#
.#...#)#### #####..+
##..##.# +## _##'#..+
..'..._# _##_.#'#
_###+#)# ## ###


You could see 2 demonic crawlers.

Vanquished Creatures
  2 kobold demonologists (D)
  2 demonic crawlers (D)
  A slime creature (D)
  A yak (D)
  An ogre (D)
  Sigmund (D)
  A jelly (D)
  Ijyb (D)
  A giant eyeball (D)
11 creatures vanquished.

Notes
Turn   | Place    | Note
--------------------------------------------------------------
     0 | D        | BluebellGnoll, the Ogre Hunter, began the quest for the Orb.
     0 | D        | Reached XP level 1. HP: 22/22 MP: 1/1
     2 | D        | Noticed Ijyb
    28 | D        | Killed Ijyb
    28 | D        | Reached skill level 7 in Fighting
    28 | D        | Reached XP level 2. HP: 14/40 MP: 2/2
   237 | D        | Noticed an ogre
   241 | D        | Killed an ogre
   241 | D        | Reached skill level 8 in Throwing
   241 | D        | Reached XP level 3. HP: 31/46 MP: 3/3
   241 | D        | Reached XP level 4. HP: 36/55 MP: 4/4
   392 | D        | Noticed Sigmund
   395 | D        | Killed Sigmund
   395 | D        | Reached skill level 10 in Fighting
   395 | D        | Reached XP level 5. HP: 58/70 MP: 5/5
   411 | D        | Found a deep blue altar of Sif Muna.
   412 | D        | Noticed a jelly
   413 | D        | Found a radiant altar of Vehumet.
   415 | D        | Killed a jelly
   415 | D        | Reached skill level 11 in Fighting
   456 | D        | Found Goocs' Armour Emporium.
   456 | D        | Found a white marble altar of Elyvilon.
   456 | D        | Found a stormy altar of Qazlal.
   456 | D        | Found a basalt altar of Yredelemnul.
   456 | D        | Found an iron altar of Okawaru.
   456 | D        | Found a sparkling altar of Nemelex Xobeh.
   456 | D        | Found a shimmering altar of Xom.
   456 | D        | Found an ancient bone altar of Kikubaaqudgha.
   456 | D        | Noticed a yak
   461 | D        | Killed a yak
   461 | D        | Reached skill level 12 in Fighting
   461 | D        | Reached XP level 6. HP: 45/84 MP: 6/6
   462 | D        | Found a burning altar of Makhleb.
   462 | D        | Found a sacrificial altar of Ru.
   462 | D        | Found a glowing golden altar of the Shining One.
   462 | D        | Found an opulent altar of Gozag.
   462 | D        | Found a glowing silver altar of Zin.
   464 | D        | Found a bloodstained altar of Trog.
   471 | D        | Became a worshipper of Warmaster Okawaru
   622 | D        | Found a snail-covered altar of Cheibriados.
   622 | D        | Found a viscous altar of Jiyva.
   622 | D        | Found a shadowy altar of Dithmenos.
   622 | D        | Found a blossoming altar of Fedhas.
   622 | D        | Noticed a slime creature
   627 | D        | Killed a slime creature
   627 | D        | Acquired Okawaru's first power
   627 | D        | Reached skill level 13 in Fighting
   627 | D        | Reached skill level 10 in Maces & Flails
   627 | D        | Reached XP level 7. HP: 76/94 MP: 7/7
   644 | D        | Noticed a kobold demonologist
   645 | D        | Reached skill level 14 in Fighting
   647 | D        | Noticed a kobold demonologist
   653 | D        | Noticed a sixfirhy
   653 | D        | Killed a kobold demonologist
   653 | D        | Reached skill level 16 in Fighting
   654 | D        | Noticed a blue devil
   658 | D        | Killed a kobold demonologist
   658 | D        | Reached skill level 17 in Fighting
   658 | D        | Reached XP level 8. HP: 43/113 MP: 8/8
   907 | D        | Noticed a demonic crawler
   907 | D        | Noticed a demonic crawler
   907 | D        | Noticed a demonic crawler
   907 | D        | Noticed a demonic crawler
   914 | D        | Killed a demonic crawler
   914 | D        | Reached skill level 18 in Fighting
   922 | D        | Killed a demonic crawler
   922 | D        | Reached skill level 19 in Fighting
   925 | D        | HP: 5/118 [demonic crawler (2)]
   925 | D        | Slain by a demonic crawler

Action                   |  1- 3 |  4- 6 |  7- 9 || total
-------------------------+-------+-------+-------++-------
Melee: Short sword       |    19 |       |       ||    19
       Club              |     3 |       |       ||     3
       Giant club        |       |     3 |    22 ||    25
Throw: Large rock        |     5 |    11 |     6 ||    22
       Throwing net      |     2 |       |     2 ||     4
  Use: Potion            |     1 |       |     1 ||     2
 Stab: Held in net/web   |       |       |     2 ||     2
